 Dungeon Crawl Stone Soup version 0.25.1-2-g60ff931df9 (webtiles) character file.

Game seed: 2453914150768668425

9890 DearestLeader the Grappler (level 11, -6/102 HPs)
             Began as a Troll Monk on Sept 19, 2020.
             Was an Elder of Cheibriados.
             Mangled by a nine-headed hydra (13 damage)
             ... on level 1 of the Lair of Beasts.
             The game lasted 00:24:48 (8694 turns).

DearestLeader the Grappler (Troll Monk)             Turns: 8694, Time: 00:24:49

Health: -6/102     AC:  7    Str: 30    XL:     11   Next: 29%
Magic:  20/20      EV: 16    Int: 18    God:    Cheibriados [****..]
Gold:   503        SH:  0    Dex: 21    Spells: 9/10 levels left

rFire    . . .     SeeInvis .     - Unarmed
rCold    . . .     Gourm    +   (no shield)
rNeg     . . .     Faith    .   a - +0 robe
rPois    .         Spirit   .   (helmet restricted)
rElec    .         Reflect  .   x - +0 cloak
rCorr    .         Harm     .   (gloves unavailable)
MR       .....                  (boots unavailable)
Stlth    ++........             (no amulet)
HPRegen  0.67/turn              n - ring of magical power
MPRegen  0.17/turn              (no ring)

@: very slow
A: large, unfitting armour, claws 3, fast metabolism 3, gourmand, regeneration
1, shaggy fur 1, tough skin 3
a: Bend Time, Temporal Distortion, Slouch, Renounce Religion


You were on level 1 of the Lair of Beasts.
You worshipped Cheibriados.
Cheibriados was greatly pleased with you.
You were very full.

You visited 3 branches of the dungeon, and saw 12 of its levels.
You also visited: Sewer.

You collected 503 gold pieces.

Inventory:

Armour
 a - a +0 robe (worn)
 x - a +0 cloak (worn)
Magical Staves
 l - an uncursed staff of air {unknown}
Jewellery
 n - a ring of magical power (left claw)
 A - a +6 ring of intelligence
 C - an uncursed ring of magical power
Wands
 y - a wand of flame (10)
 F - a wand of polymorph (6)
 G - a wand of digging (4)
Scrolls
 c - 2 scrolls of enchant weapon
 d - a scroll of blinking
 f - 2 scrolls of immolation
 g - 2 scrolls of noise
 h - a scroll of amnesia {unknown}
 i - 6 scrolls of teleportation
 j - 3 scrolls of fear
 q - 2 scrolls of magic mapping {unknown}
 u - 7 scrolls of remove curse
 v - 2 scrolls of fog {unknown}
 B - 3 scrolls of identify
Potions
 e - 2 potions of mutation {unknown}
 k - 4 potions of might
 m - 2 potions of heal wounds
 o - 2 potions of stabbing
 p - 4 potions of brilliance {unknown}
 r - 4 potions of curing
 s - a potion of invisibility {unknown}
 t - 2 potions of flight {unknown}
 w - 2 potions of ambrosia {unknown}
 z - 2 potions of haste {unknown}
 D - a potion of resistance {unknown}
Comestibles
 b - 20 rations
 E - 2 chunks of flesh


   Skills:
 - Level 5.1 Fighting
 + Level 7.6 Dodging
 - Level 1.0 Stealth
 * Level 13.5 Unarmed Combat
 - Level 4.0 Necromancy
 + Level 1.7 Invocations


You had 9 spell levels left.
You knew the following spells:

 Your Spells              Type           Power        Failure   Level  Hunger
a - Animate Skeleton      Necr           N/A          4%          1    ##.....

Your spell library contained the following spells:

 Spells                   Type           Power        Failure   Level  Hunger
 Magic Dart               Conj           #...         22%         1    ##.....
 Shock                    Conj/Air       #...         22%         1    ##.....
 Blink                    Tloc           N/A          32%         2    ###....
 Call Imp                 Summ           #.......     32%         2    ###....
 Slow                     Hex            #.......     32%         2    ###....
 Swiftness                Chrm/Air       #.......     32%         2    ###....
 Conjure Flame            Conj/Fire      #.......     54%         3    ####...
 Mephitic Cloud           Conj/Pois/Air  #.......     54%         3    ####...
 Static Discharge         Conj/Air       #.......     54%         3    ####...
 Airstrike                Air            #.........   91%         4    #####..
 Lightning Bolt           Conj/Air       #.........   99%         5    ######.


Dungeon Overview and Level Annotations

Branches:
Dungeon (10/15)            Temple (1/1) D:6            Lair (1/6) D:10
    Orc (0/2) D:9           Sewer (visited)

Altars:
Ashenzari
Cheibriados
Elyvilon
Fedhas
Gozag
Hepliaklqana
Kikubaaqudgha
Makhleb
Nemelex Xobeh
Okawaru
Qazlal
Ru
Sif Muna
Trog
Uskayaw
Vehumet
Wu Jian
Xom
Yredelemnul
Zin
The Shining One

Shops:
D:4 !


Innate Abilities, Weirdness & Mutations

You are too large for most types of armour.
You have claws for hands.
Your metabolism is lightning-fast.
You like to eat raw meat.
Your natural rate of healing is unusually fast.
You are covered in fur. (AC +1)
You have extremely tough skin. (AC +3)


Message History

The eight-headed hydra closely misses you.
The eight-headed hydra completely misses you. x2
The eight-headed hydra bites you.
You fail to use your ability.
The eight-headed hydra bites you but does no damage.
The eight-headed hydra bites you!
* * * LOW HITPOINT WARNING * * *
The eight-headed hydra bites you!
* * * LOW HITPOINT WARNING * * *
The eight-headed hydra closely misses you.
The eight-headed hydra bites you!
* * * LOW HITPOINT WARNING * * *
The eight-headed hydra bites you but does no damage.
The eight-headed hydra barely misses you. x2
You claw one of the eight-headed hydra's heads off!
The seven-headed hydra grows two more!
You mangle the nine-headed hydra!!
The nine-headed hydra is severely wounded.
The nine-headed hydra completely misses you.
The nine-headed hydra misses you. The nine-headed hydra bites you!
You die...

.#..........# #....# .
.........####....###
.#........#......# ..
........%.#####.#. .
+.............#... .#
..........##..###.#### #.##
...........#....#..P.##...#
......%...##....##......P#
...........##...@DH.....#
#...........#########.###..#
...............###.Z.........
#............................
#.....................#.#.#.#
#...........................
#.....................#.#.#.#
#............................
......................#.#.#.


You could see a nine-headed hydra and a hippogriff.

Vanquished Creatures
  A black mamba (Lair:1)
  3 hippogriffs
  Sigmund (D:6)
  4 hogs (D:7)
  A human (D:7)
  4 yaks (D:9)
  A hungry ghost (D:8)
  Edmund (D:4)
  A water moccasin (D:9)
  6 porcupines
  A sky beast (D:9)
  A black bear (D:10)
  6 orc warriors
  An ice beast (D:10)
  A phantom (D:9)
  2 ogres (D:6)
  A necrophage (D:10)
  13 wolves (Lair:1)
  4 centaurs
  6 crocodiles
  3 big kobolds (Sewer)
  Blork the orc (D:4)
  11 bullfrogs
  3 scorpions
  3 howler monkeys (D:7)
  3 wights (D:9)
  5 electric eels
  5 crimson imps
  4 hounds
  2 bullfrog skeletons
  Crazy Yiuf (D:4)
  A centaur skeleton (D:8)
  3 jellies
  10 orc priests
  15 orc wizards
  4 iguanas
  7 worker ants
  A killer bee zombie (D:9)
  2 hound skeletons
  7 gnolls
  12 adders
  A shadow imp (D:5)
  An ooze (D:1)
  2 worms (D:2)
  An adder skeleton (D:5)
  3 leopard geckos
  33 orcs
  5 ball pythons
  4 giant cockroaches
  A goblin (D:2)
  7 hobgoblins
  6 jackals
  18 kobolds
  5 quokkas
  A ball python skeleton (D:4)
  7 bats
  7 frilled lizards
  A jackal skeleton (D:6)
  A rat (Sewer)
  A fungus (D:4)
267 creatures vanquished.

Vanquished Creatures (collateral kills)
  A black mamba (Lair:1)
  A spiny frog (Lair:1)
  A wolf (Lair:1)
  A hound (Lair:1)
4 creatures vanquished.

Vanquished Creatures (others)
  3 orcs (D:9)
  6 fungi (D:10)
  2 plants (D:10)
11 creatures vanquished.

Grand Total: 282 creatures vanquished

Notes
Turn   | Place    | Note
-------+----------+-------------------------------------------
     0 | D:1      | DearestLeader the Troll Monk began the quest for the Orb.
     0 | D:1      | Reached XP level 1. HP: 22/22 MP: 0/0
   231 | D:1      | Reached XP level 2. HP: 29/29 MP: 1/1
   627 | D:2      | Reached skill level 4 in Unarmed Combat
   628 | D:2      | Reached XP level 3. HP: 31/36 MP: 2/2
   920 | D:2      | Reached XP level 4. HP: 39/44 MP: 3/3
   986 | D:2      | Reached skill level 5 in Unarmed Combat
  1205 | D:4      | Noticed Blork the orc
  1212 | D:4      | Killed Blork the orc
  1212 | D:4      | Reached XP level 5. HP: 27/50 MP: 4/4
  1269 | D:4      | Found Kesob Awk's Distillery.
  1337 | D:4      | Reached skill level 6 in Unarmed Combat
  1421 | D:4      | Found a glowing drain.
  1433 | D:4      | Noticed Edmund
  1447 | D:4      | Killed Edmund
  1447 | D:4      | Reached skill level 7 in Unarmed Combat
  1447 | D:4      | Reached XP level 6. HP: 19/59 MP: 5/5
  1524 | Sewer    | Entered a sewer
  1746 | Sewer    | Reached XP level 7. HP: 46/66 MP: 6/6
  1931 | D:4      | Found a basalt altar of Yredelemnul.
  2112 | D:4      | You fall into a shaft and drop 2 floors!
  2135 | D:6      | Reached skill level 8 in Unarmed Combat
  2148 | D:5      | Entered Level 5 of the Dungeon
  2674 | D:4      | Found a runed translucent door.
  2675 | D:4      | Noticed Crazy Yiuf
  2680 | D:4      | Killed Crazy Yiuf
  2680 | D:4      | Reached skill level 9 in Unarmed Combat
  2680 | D:4      | Reached XP level 8. HP: 64/74 MP: 7/7
  3160 | D:6      | Found a staircase to the Ecumenical Temple.
  3169 | Temple   | Entered the Ecumenical Temple
  3811 | D:6      | Found a snail-covered altar of Cheibriados.
  3823 | D:6      | Found a shimmering altar of Xom.
  3828 | D:6      | Became a worshipper of Cheibriados the Contemplative
  3828 | D:6      | Reached * piety under Cheibriados
  3828 | D:6      | Reached ** piety under Cheibriados
  3874 | D:6      | Reached skill level 10 in Unarmed Combat
  3970 | D:6      | Noticed Sigmund
  3986 | D:6      | Killed Sigmund
  4295 | D:7      | Reached skill level 5 in Dodging
  4302 | D:7      | Reached XP level 9. HP: 45/84 MP: 8/8
  4634 | D:7      | Reached skill level 11 in Unarmed Combat
  4857 | D:7      | Reached *** piety under Cheibriados
  5158 | D:7      | Found a shattered altar of Ashenzari.
  5223 | D:7      | Found an ancient bone altar of Kikubaaqudgha.
  5247 | D:7      | Found a shimmering blue altar of Sif Muna.
  5259 | D:7      | Identified Kikubaaqudgha's Tome of Darkness
  5263 | D:7      | Learned a level 1 spell: Animate Skeleton
  5275 | D:7      | Found a radiant altar of Vehumet.
  5605 | D:8      | Found a stormy altar of Qazlal.
  5651 | D:8      | Reached skill level 5 in Fighting
  5656 | D:8      | Reached skill level 1 in Necromancy
  6268 | D:9      | Reached XP level 10. HP: 93/96 MP: 9/9
  6347 | D:9      | Reached **** piety under Cheibriados
  6623 | D:9      | Reached skill level 12 in Unarmed Combat
  6796 | D:9      | Found a sacrificial altar of Ru.
  7015 | D:9      | Found an opulent altar of Gozag.
  7377 | D:9      | Found a staircase to the Orcish Mines.
  7536 | D:10     | Entered Level 10 of the Dungeon
  7751 | D:10     | Found a staircase to the Lair.
  8181 | Lair:1   | Entered Level 1 of the Lair of Beasts
  8210 | Lair:1   | Reached skill level 13 in Unarmed Combat
  8251 | Lair:1   | Noticed a black mamba
  8300 | Lair:1   | Killed a black mamba
  8300 | Lair:1   | Reached XP level 11. HP: 102/102 MP: 10/10
  8479 | Lair:1   | Reached skill level 1 in Invocations
  8680 | Lair:1   | Noticed an eight-headed hydra
  8694 | Lair:1   | Mangled by a nine-headed hydra

Illustrated notes

Levels and vault maps discovered:
D:1:      mrwooster_arrival_statue, layout_basic
D:2:      layout_rooms
D:3:      layout_basic, lemuel_doored_altar, first_ration
D:4:      layout_loops_ring, marbit_many_paths, serial_shops, shop,
          gup_sewer_entry_glass, minmay_crystal_room, uniq_blork_the_orc,
          uniq_edmund, uniq_crazy_yiuf_cottage
D:5:      layout_loops_ring
D:6:      layout_basic, grunt_temple_overflow_open,
          minmay_temple_entry_large_hall, uniq_sigmund
D:7:      layout_loops_ring, palyth_temple_overflow_mages,
          nicolae_ashenzari_panopticon, grunt_livestock
D:8:      layout_loops_ring, grunt_qazlal_clouds
D:9:      layout_basic, grunt_gozag_statues, hangedman_ru_absence, david_orc_4,
          corexii_checkpoint_b
D:10:     layout_basic, due_lair_maze_entry_diamond
Temple:   minmay_temple_bridge_abc
Lair:1:   beast_lair_carwin_large_3, layout_regular_city, st_stairs_10,
          serial_bayou_pond_e

Skill      XL: |  1  2  3  4  5  6  7  8  9 10 11 |
---------------+----------------------------------+-----
Unarmed Combat | 4 5 7 9 10 11 13 | 13.5
Dodging        | 3 4 5 6 7 |  7.6
Fighting       | 3 5 |  5.1
Necromancy     | 1 4 |  4.0
Invocations    | 1 |  1.7
Stealth        | |  1.0

Action                   |  1- 3 |  4- 6 |  7- 9 | 10-12 || total
-------------------------+-------+-------+-------+-------++-------
Melee: Unarmed           |    55 |    89 |   326 |   183 ||   653
       Punch             |       |     2 |    19 |    15 ||    36
 Cast: Animate Skeleton  |       |       |       |    16 ||    16
Invok: Slouch            |       |       |       |     5 ||     5
Evoke: Wand              |       |       |       |     4 ||     4
  Use: Scroll            |       |       |    11 |     1 ||    12
       Potion            |       |       |       |     1 ||     1
 Stab: Sleeping          |     2 |     1 |     6 |     2 ||    11
  Eat: Chunk             |    14 |     8 |    32 |    22 ||    76
       Ration            |       |       |     1 |       ||     1
Armor: Robe              |    14 |    31 |    83 |    65 ||   193
Dodge: Dodged            |    29 |    36 |   178 |   200 ||   443
